 Dungeon Crawl Stone Soup version 0.26.0-45-g9c1d065592 (webtiles) character file.

Game seed: 1804917858302310418

477 kaeus the Sneak (level 7, 0/60 HPs)
             Began as a Kobold Enchanter on Jan 31, 2021.
             Was a Follower of Uskayaw.
             Slain by an orc priest (3 damage)
             ... on level 4 of the Dungeon.
             The game lasted 00:05:42 (6788 turns).

kaeus the Sneak (Kobold Enchanter)                  Turns: 6788, Time: 00:05:43

Health: 0/60       AC: 23    Str:  5    XL:     7   Next: 33%
Magic:  3/12       EV:  3    Int: 16    God:    Uskayaw [*.....]
Gold:   90         SH:  0    Dex: 18    Spells: 7/13 levels left

rFire    . . .     SeeInvis .   a - +1 dagger
rCold    . . .     Faith    .   (shield restricted)
rNeg     + + +     Spirit   .   (armour currently unavailable)
rPois    +         Reflect  .   (helmet currently unavailable)
rElec    .         Harm     .   (cloak currently unavailable)
rCorr    .         Rampage  .   (gloves currently unavailable)
Will     .....     NoTele   +   (boots currently unavailable)
Stlth    +++++.....             (no amulet)
HPRegen  0.20/turn              (no ring)
MPRegen  0.13/turn              (no ring)

@: tree-form
A: small, nightstalker 3
a: Renounce Religion, Stomp


You were on level 4 of the Dungeon.
You worshipped Uskayaw.
Uskayaw was noncommittal.
You were a tree.
You visited 1 branch of the dungeon, and saw 4 of its levels.

You collected 90 gold pieces.

Inventory:

Hand Weapons
 a - a +1 dagger (weapon)
Missiles
 d - 23 poisoned darts
Armour
 b - a +0 robe (melded)
 c - a +0 pair of boots
Jewellery
 j - an uncursed amulet of faith {unknown}
Scrolls
 e - a scroll of magic mapping {unknown}
 f - a scroll of blinking {unknown}
 h - a scroll of fog {unknown}
 i - 2 scrolls of remove curse {unknown}
 k - 2 scrolls of enchant weapon {unknown}
 l - 2 scrolls of identify {unknown}
 n - a scroll of enchant armour {unknown}
Potions
 p - a potion of flight
 r - 2 potions of attraction


   Skills:
 + Level 2.4 Fighting
 + Level 3.5 Short Blades
 + Level 4.1 Dodging
 * Level 6.7 Stealth
 + Level 3.5 Spellcasting
 + Level 4.0 Hexes


You had 7 spell levels left.
You knew the following spells:

 Your Spells              Type           Power        Failure   Level
a - Corona                Hex            16%          3%          1
b - Ensorcelled Hibernat  Hex/Ice        18%          12%         2
c - Dazzling Flash        Conj/Hex       18%          24%         3

Your spell library contained the following spells:

 Spells                   Type           Power        Failure   Level
 Confusing Touch          Hex            15%          10%         3
 Tukima's Dance           Hex            15%          10%         3


Dungeon Overview and Level Annotations

Branches:
Dungeon (4/15)             Temple (0/1) D:4

Altars:
Uskayaw


Innate Abilities, Weirdness & Mutations

You are small and have problems with some larger weapons.
You are completely attuned to the shadows.


Message History

The orc priest calls upon Beogh to heal the orc priest.
The orc priest's wounds heal themselves!
You regained 7 hp, and now have 11/60 hp.
You closely miss the orc priest.
The orc priest hits you but does no damage.
You closely miss the orc priest. The orc priest completely misses you.
The orc priest looks satisfied for a moment.
The orc priest barely misses you.
You hit the orc priest.
The orc priest is lightly wounded.
The orc priest barely misses you.
The orc priest hits you but does no damage.
The orc priest invokes the aid of Beogh against you.
Beogh smites you!
* * * LOW HITPOINT WARNING * * *
You take 9 damage, and have 3/60 hp.
You closely miss the orc priest.
The orc priest is lightly wounded.
The orc priest hits you.
You die...

.. ##.###########.#
..............#.#
........####....#####
........# #.........
....)..$# #†........
...o♣)..# #.........
...oo...# #.........
........# #....##...
........# ..........
........# ..........
.......... ..........
.......... ..........


You could see 3 orc priests.

Vanquished Creatures
  A black bear (D:3)
  A howler monkey (D:4)
  An orc priest (D:3)
  Jessica (D:3)
  Natasha (thrice) (D:2)
  A worker ant (D:4)
  4 gnolls (D:2)
  6 adders
  An ooze (D:1)
  A worm (D:3)
  4 dart slugs
  2 leopard geckos
  6 orcs
  A ball python (D:1)
  3 giant cockroaches
  11 goblins
  7 hobgoblins
  7 jackals
  2 quokkas
  5 bats
  4 frilled lizards
  7 kobolds
  6 rats
85 creatures vanquished.

Notes
Turn   | Place    | Note
-------+----------+-------------------------------------------
     0 | D:1      | kaeus the Kobold Enchanter began the quest for the Orb.
     0 | D:1      | Reached XP level 1. HP: 10/10 MP: 3/3
   448 | D:1      | Reached XP level 2. HP: 16/16 MP: 5/5
   982 | D:1      | Learned a level 2 spell: Ensorcelled Hibernation
  1459 | D:1      | Reached XP level 3. HP: 20/20 MP: 6/6
  2320 | D:2      | Reached skill level 1 in Fighting
  2770 | D:2      | Reached XP level 4. HP: 25/25 MP: 7/7
  2776 | D:2      | Noticed Natasha
  2780 | D:2      | Killed Natasha
  2781 | D:2      | Reached skill level 5 in Stealth
  3003 | D:2      | Noticed Natasha
  3018 | D:2      | Killed Natasha
  3019 | D:2      | Reached XP level 5. HP: 6/29 MP: 1/9
  3475 | D:2      | Noticed Natasha
  3488 | D:2      | Killed Natasha
  4059 | D:2      | Reached XP level 6. HP: 32/35 MP: 10/10
  5090 | D:3      | Learned a level 3 spell: Dazzling Flash
  5263 | D:3      | Noticed Jessica
  5271 | D:3      | Killed Jessica
  5272 | D:3      | Reached skill level 6 in Stealth
  5503 | D:3      | Noticed a black bear
  5510 | D:3      | Killed a black bear
  5599 | D:3      | Reached XP level 7. HP: 32/40 MP: 12/12
  6341 | D:3      | Noticed a +0 hand axe
  6341 | D:3      | Noticed a +0 hand axe
  6361 | D:3      | Found a hide-covered altar of Uskayaw.
  6517 | D:3      | Became a worshipper of Uskayaw the Reveller
  6611 | D:4      | Found a staircase to the Ecumenical Temple.
  6655 | D:4      | Reached * piety under Uskayaw
  6787 | D:4      | HP: 3/60 [orc priest/divine providence (9)]
  6788 | D:4      | Slain by an orc priest

Illustrated notes

Levels and vault maps discovered:
D:1:      lemuel_arrival_tunnels, layout_basic, feat_on_display
D:2:      layout_basic, uniq_natasha
D:3:      layout_basic, dancing_weapons_uskayaw, uniq_jessica
D:4:      layout_basic, tgw_sif, grunt_temple_overflow_lords_of_destruction,
          temple_fountains

Skill      XL: |  1  2  3  4  5  6  7 |
---------------+----------------------+-----
Short Blades   | 2 3 |  3.5
Fighting       | 1 2 |  2.4
Dodging        | 3 4 |  4.1
Stealth        | 5 6 |  6.7
Spellcasting   | 3 |  3.5
Hexes          | 4 |  4.0

Action                   |  1- 3 |  4- 6 |  7- 9 || total
-------------------------+-------+-------+-------++-------
Melee: Dagger            |   129 |   137 |    64 ||   330
 Cast: Ensorcelled Hiber |     8 |    18 |     3 ||    29
       Corona            |     1 |       |       ||     1
       Dazzling Flash    |       |       |     4 ||     4
  Use: Potion            |       |       |     9 ||     9
 Stab: Sleeping          |    21 |    22 |     4 ||    47
       Distracted        |       |     1 |       ||     1
       Invisible         |       |       |     2 ||     2
Armor: Robe              |    19 |     8 |     3 ||    30
       Skin              |       |       |    27 ||    27
Dodge: Dodged            |    93 |    87 |    57 ||   237
